Islanders vs Blackhawks
Created - February 1, 2021 at 19:06
Goals
|
Islanders |
1 |
1 |
1 |
3 |
Blackhawks |
3 |
2 |
1 |
6 |
|
Shots
|
Islanders |
8 |
13 |
4 |
25 |
Blackhawks |
10 |
13 |
12 |
35 |
|
1st period
1. Blackhawks , Antoine Roussel 20 (Derick Brassard 34) at 0:06
2. Blackhawks , Antoine Roussel 21 (Nick Leddy 8, Torey Krug 11) at 7:19
3. Blackhawks , Garnet Hathaway 4 (Ryan Whitney 5, Mike Comrie 7) at 12:07
4. Islanders , David Legwand 7 (Joe Thornton 26) at 15:39 (SH)
Penalties :
Craig Cunningham (Chi) for Hooking (Minor) at 5:17, Fedor Tyutin (NYI) for Hooking (Minor) at 14:39
2nd period
5. Blackhawks , Patrick Marleau 2 (Tim Connolly 18, John Carlson 25) at 1:19
6. Islanders , Vladimir Tarasenko 25 (Evander Kane 35, Fedor Tyutin 9) at 12:57
7. Blackhawks , Gustav Nyquist 7 (Patrick Marleau 13, John Carlson 26) at 15:43
Penalties :
Derick Brassard (Chi) for Hooking (Minor) at 1:48, Mike Comrie (Chi) for Hooking (Minor) at 5:39, Derick Brassard (Chi) for Hooking (Minor) at 10:17
3rd period
8. Islanders , Jiri Hudler 3 (Maxim Talbot 10) at 7:27
9. Blackhawks , Gustav Nyquist 8 (Patrick Marleau 14, Ryan Whitney 6) at 18:54
Penalties :
Derick Brassard (Chi) for Tripping (Minor) at 7:43, Johnny Gaudreau (Chi) for Hooking (Minor) at 12:41, Maxim Talbot (NYI) for Hooking (Minor) at 16:07
Goalie Stats
Jonathan Quick (NYI), 8 saves from 12 shots - (0.667), L, 21-11-3, 21:19 minutes
Julien Ellis (NYI), 21 saves from 23 shots - (0.913), 38:41 minutes
Pekka Rinne (Chi), 22 saves from 25 shots - (0.880), W, 3-5-1, 60:00 minutes
Players Stats for Islanders
Player Name G A P +/- PIM S H SB GA TA FO MP PP MP PK MP
------------------------------------------------------------------------------------
David Legwand 1 0 1 0 0 4 2 2 0 1 6/12 20:17 5:08 0:59
Dustin Byfuglien 0 0 0 -1 0 0 0 0 0 0 0/0 10:23 0:00 0:00
Evander Kane 0 1 1 -1 0 6 0 1 1 2 1/2 23:22 6:46 2:32
Fedor Tyutin 0 1 1 -1 2 0 0 3 2 1 0/0 26:52 7:54 1:09
Jay Bouwmeester 0 0 0 -1 0 0 1 0 0 1 0/0 19:02 4:00 1:08
Jiri Hudler 1 0 1 -2 0 2 1 0 0 0 0/0 11:57 0:00 0:27
Joe Thornton 0 1 1 0 0 2 0 1 1 0 19/33 20:57 6:46 0:56
Justin Falk 0 0 0 -1 0 0 0 0 0 0 0/0 12:04 0:00 1:41
Maxim Talbot 0 1 1 -2 2 1 2 0 0 0 3/4 11:10 0:00 0:00
Mike Brown 0 0 0 -1 0 0 2 1 0 0 0/2 19:14 5:08 0:00
R.J. Umberger 0 0 0 -2 0 1 0 0 0 1 0/1 12:06 0:00 0:00
Ryan Ellis 0 0 0 -1 0 3 2 0 0 2 0/0 30:35 7:54 2:50
T.J. Fast 0 0 0 -1 0 1 0 1 0 2 0/0 19:02 4:00 1:08
Tomas Fleischmann 0 0 0 -1 0 1 0 1 0 0 0/1 19:00 5:08 0:00
Tomas Kundratek 0 0 0 0 0 0 0 0 0 0 0/0 2:48 0:00 0:00
Tomas Plekanec 0 0 0 0 0 0 1 0 0 0 0/1 5:18 0:00 0:00
Vladimir Tarasenko 1 0 1 -1 0 4 1 0 2 2 4/5 26:05 6:46 2:32
Zac Rinaldo 0 0 0 0 0 0 1 0 0 0 0/0 5:48 0:00 0:30
Players Stats for Blackhawks
Player Name G A P +/- PIM S H SB GA TA FO MP PP MP PK MP
------------------------------------------------------------------------------------
Antoine Roussel 2 0 2 1 0 5 5 2 2 2 5/12 24:29 2:02 6:54
Brad Boyes 0 0 0 -1 0 0 1 0 0 0 0/0 12:37 1:46 0:00
Brent Seabrook 0 0 0 0 0 1 0 2 0 1 0/0 27:53 2:08 6:38
Cody Hodgson 0 0 0 -1 0 2 2 0 0 0 2/6 12:37 1:46 0:00
Craig Cunningham 0 0 0 2 2 0 0 0 0 0 1/2 8:44 0:00 1:24
Derick Brassard 0 1 1 0 6 5 2 0 2 0 14/27 20:43 2:12 3:01
Garnet Hathaway 1 0 1 1 0 1 0 0 0 0 0/0 6:29 0:00 0:00
Gustav Nyquist 2 0 2 3 0 4 4 1 0 0 0/0 10:30 0:00 0:00
John Carlson 0 2 2 0 0 3 2 2 1 0 0/0 27:53 2:08 6:38
Johnny Gaudreau 0 0 0 -2 2 1 1 0 3 0 2/2 18:16 1:46 4:14
Matthew Spiller 0 0 0 2 0 2 3 1 0 0 0/0 9:44 0:00 0:00
Mike Comrie 0 1 1 1 2 3 0 1 0 0 2/3 8:40 0:00 2:06
Nick Leddy 0 1 1 1 0 2 2 0 2 1 0/0 22:23 1:50 5:16
Patrick Marleau 1 2 3 3 0 3 1 1 1 1 0/1 14:29 0:00 3:56
Rick Nash 0 0 0 -1 0 1 1 2 0 0 0/0 19:46 2:12 2:13
Ryan Whitney 0 2 2 2 0 0 1 0 0 1 0/0 9:44 0:00 0:00
Tim Connolly 0 1 1 3 0 1 0 0 0 0 2/8 10:40 0:10 0:00
Torey Krug 0 1 1 1 0 1 0 1 1 0 0/0 22:23 1:50 5:16
3 Stars
1 - Gustav Nyquist (Chi)
2 - Antoine Roussel (Chi)
3 - Patrick Marleau (Chi)
Power Play
Islanders - 0 on 6 Attempt(s) - 0.00%
Blackhawks - 0 on 2 Attempt(s) - 0.00%
Penalty Kill
Islanders - 2 on 2 Attempt(s) - 100.00%
- Score 1 goal in Penalty Kill
Blackhawks - 6 on 6 Attempt(s) - 100.00%
- Score 0 goal in Penalty Kill
Team Stat
Islanders - Hits : 13 - Faceoff Wins : 33 - Blocked Shots : 10 - Penalty Minutes : 4
Blackhawks - Hits : 25 - Faceoff Wins : 28 - Blocked Shots : 13 - Penalty Minutes : 12
Official
Referees : Unknown
Linesman : Unknown
Game Notes
Julien Ellis enters game at 1:19 of 2nd period
Finance
Level 1 -- Attendance: 6000 (100.00%) -- Ticket Income $582,000
Level 2 -- Attendance: 4871 (97.42%) -- Ticket Income $316,615
Level 3 -- Attendance: 1922 (96.10%) -- Ticket Income $76,880
Level 4 -- Attendance: 3956 (98.90%) -- Ticket Income $98,900
Luxury Box -- Attendance: 921 (92.10%) -- Ticket Income $165,780
Game was played at the Rexall Place.
Total Attendance: 17670 (98.17%)
Total Ticket Income: $1,240,175
Other Income: $186,026
Total Income: $1,426,201
Islanders
5 vs 5 Forward
Center Left Wing Right Wing Time % Phy DF OF
1 Joe Thornton Evander Kane Vladimir Tarasenko 40 1 2 2
2 David Legwand Tomas Fleischmann Mike Brown 30 1 2 2
3 Maxim Talbot R.J. Umberger Jiri Hudler 20 1 2 2
4 Tomas Plekanec Zac Rinaldo Vladimir Tarasenko 10 1 2 2
5 vs 5 Defense
Defense Defense Time % Phy DF OF
1 Ryan Ellis Fedor Tyutin 40 1 2 2
2 Jay Bouwmeester T.J. Fast 30 1 2 2
3 Dustin Byfuglien Justin Falk 20 1 2 2
4 Tomas Kundratek Ryan Ellis 10 1 2 2
PowerPlay Forward
Center Left Wing Right Wing Time % Phy DF OF
1 Joe Thornton Evander Kane Vladimir Tarasenko 60 1 2 2
2 David Legwand Tomas Fleischmann Mike Brown 40 1 2 2
PowerPlay Defense
Defense Defense Time % Phy DF OF
1 Ryan Ellis Fedor Tyutin 60 1 2 2
2 Jay Bouwmeester T.J. Fast 40 1 2 2
Penalty Kill 4 Players Forward
Center Wing Time % Phy DF OF
1 Vladimir Tarasenko Evander Kane 60 1 2 2
2 Joe Thornton David Legwand 40 1 2 2
Penalty Kill 4 Players Defense
Defense Defense Time % Phy DF OF
1 Ryan Ellis Fedor Tyutin 60 1 2 2
2 Jay Bouwmeester T.J. Fast 40 1 2 2
Penalty Kill - 3 Players Forward
Forward Time % Phy DF OF
1 Vladimir Tarasenko 60 1 2 2
2 Evander Kane 40 1 2 2
Penalty Kill - 3 Players Defense
Defense Defense Time % Phy DF OF
1 Ryan Ellis Fedor Tyutin 60 1 2 2
2 Jay Bouwmeester T.J. Fast 40 1 2 2
4 vs 4 Forward
Center Wing Time % Phy DF OF
1 Vladimir Tarasenko Evander Kane 60 1 2 2
2 Joe Thornton David Legwand 40 1 2 2
4 vs 4 Defense
Defense Defense Time % Phy DF OF
1 Ryan Ellis Fedor Tyutin 60 1 2 2
2 Jay Bouwmeester T.J. Fast 40 1 2 2
Last Minutes Offensive
Center Left Wing Right Wing Defense Defense
Joe Thornton Evander Kane Vladimir Tarasenko Ryan Ellis Fedor Tyutin
Last Minutes Defensive
Center Left Wing Right Wing Defense Defense
Joe Thornton Evander Kane Vladimir Tarasenko Ryan Ellis Fedor Tyutin
Goaltenders
Starting : Jonathan Quick
Backup : Julien Ellis
Extra Forwards
Normal : R.J. Umberger, Maxim Talbot, Jiri Hudler - PP : R.J. Umberger, Maxim Talbot - PK : Jiri Hudler
Extra Defensemen
Normal : Dustin Byfuglien, Justin Falk, Tomas Kundratek - PP : Dustin Byfuglien - PK : Justin Falk, Tomas Kundratek
Penalty Shots
Vladimir Tarasenko, Evander Kane, Joe Thornton, David Legwand, Tomas Fleischmann
Scratches
Adam Pineault (Healthy), Carl Klingberg (Healthy)
Blackhawks
5 vs 5 Forward
Center Left Wing Right Wing Time % Phy DF OF
1 Derick Brassard Antoine Roussel Rick Nash 40 1 2 2
2 Cody Hodgson Johnny Gaudreau Brad Boyes 30 1 2 2
3 Tim Connolly Patrick Marleau Gustav Nyquist 20 1 2 2
4 Mike Comrie Craig Cunningham Garnet Hathaway 10 1 2 2
5 vs 5 Defense
Defense Defense Time % Phy DF OF
1 John Carlson Brent Seabrook 40 1 2 2
2 Torey Krug Nick Leddy 30 1 2 2
3 Matthew Spiller Ryan Whitney 20 1 2 2
4 John Carlson Brent Seabrook 10 1 2 2
PowerPlay Forward
Center Left Wing Right Wing Time % Phy DF OF
1 Derick Brassard Antoine Roussel Rick Nash 60 1 2 2
2 Cody Hodgson Johnny Gaudreau Brad Boyes 40 1 2 2
PowerPlay Defense
Defense Defense Time % Phy DF OF
1 John Carlson Brent Seabrook 60 1 2 2
2 Torey Krug Nick Leddy 40 1 2 2
Penalty Kill 4 Players Forward
Center Wing Time % Phy DF OF
1 Antoine Roussel Derick Brassard 60 1 2 2
2 Johnny Gaudreau Rick Nash 40 1 2 2
Penalty Kill 4 Players Defense
Defense Defense Time % Phy DF OF
1 John Carlson Brent Seabrook 60 1 2 2
2 Torey Krug Nick Leddy 40 1 2 2
Penalty Kill - 3 Players Forward
Forward Time % Phy DF OF
1 Antoine Roussel 60 1 2 2
2 Derick Brassard 40 1 2 2
Penalty Kill - 3 Players Defense
Defense Defense Time % Phy DF OF
1 John Carlson Brent Seabrook 60 1 2 2
2 Torey Krug Nick Leddy 40 1 2 2
4 vs 4 Forward
Center Wing Time % Phy DF OF
1 Antoine Roussel Derick Brassard 60 1 2 2
2 Johnny Gaudreau Rick Nash 40 1 2 2
4 vs 4 Defense
Defense Defense Time % Phy DF OF
1 John Carlson Brent Seabrook 60 1 2 2
2 Torey Krug Nick Leddy 40 1 2 2
Last Minutes Offensive
Center Left Wing Right Wing Defense Defense
Derick Brassard Antoine Roussel Rick Nash John Carlson Brent Seabrook
Last Minutes Defensive
Center Left Wing Right Wing Defense Defense
Derick Brassard Antoine Roussel Rick Nash John Carlson Brent Seabrook
Goaltenders
Starting : Pekka Rinne
Backup : Jimmy Howard
Extra Forwards
Normal : Tim Connolly, Mike Comrie, Patrick Marleau - PP : Tim Connolly, Mike Comrie - PK : Patrick Marleau
Extra Defensemen
Normal : Matthew Spiller, Ryan Whitney, Torey Krug - PP : Matthew Spiller - PK : Ryan Whitney, Torey Krug
Penalty Shots
Antoine Roussel, Derick Brassard, Johnny Gaudreau, Rick Nash, Cody Hodgson
Scratches
Gabriel Bourque (Healthy)
% Time on Ice - Islanders
Lines # - Real PCT - Wanted PCT - Time Play
Normal Forward
1 - 32% - 40% - 14:04
2 - 31% - 30% - 13:52
3 - 25% - 20% - 10:54
4 - 12% - 10% - 5:18
Normal Defense
1 - 39% - 40% - 17:03
2 - 31% - 30% - 13:54
3 - 24% - 20% - 10:23
4 - 6% - 10% - 2:48
PP Forward
1 - 57% - 60% - 6:46
2 - 43% - 40% - 5:08
PP Defense
1 - 66% - 60% - 7:54
2 - 34% - 40% - 4:00
PK Forward
1 - 76% - 60% - 3:02
2 - 24% - 40% - 0:56
PK Defense
1 - 71% - 60% - 2:50
2 - 29% - 40% - 1:08
PK3 Forward
1 - 0% - 60%
2 - 0% - 40%
PK3 Defense
1 - 0% - 60%
2 - 0% - 40%
44 Forward
1 - 0% - 60%
2 - 0% - 40%
44 Defense
1 - 0% - 60%
2 - 0% - 40%
Last Minute Offensive - 0:00
Last Minute Defensive - 0:00
Total
Forward - 60:00
Defense - 60:00
|
% Time on Ice - Blackhawks
Lines # - Real PCT - Wanted PCT - Time Play
Normal Forward
1 - 35% - 40% - 15:37
2 - 26% - 30% - 11:32
3 - 24% - 20% - 10:30
4 - 15% - 10% - 6:29
Normal Defense
1 - 41% - 40% - 18:02
2 - 35% - 30% - 15:17
3 - 22% - 20% - 9:44
4 - 2% - 10% - 1:05
PP Forward
1 - 55% - 60% - 2:12
2 - 45% - 40% - 1:46
PP Defense
1 - 54% - 60% - 2:08
2 - 46% - 40% - 1:50
PK Forward
1 - 81% - 60% - 9:41
2 - 19% - 40% - 2:13
PK Defense
1 - 56% - 60% - 6:38
2 - 44% - 40% - 5:16
PK3 Forward
1 - 0% - 60%
2 - 0% - 40%
PK3 Defense
1 - 0% - 60%
2 - 0% - 40%
44 Forward
1 - 0% - 60%
2 - 0% - 40%
44 Defense
1 - 0% - 60%
2 - 0% - 40%
Last Minute Offensive - 0:00
Last Minute Defensive - 0:00
Total
Forward - 60:00
Defense - 60:00
|
Play-by-Play
1st period
0:01 of 1st period - Derick Brassard wins face-off versus Joe Thornton in neutral zone.
0:06 of 1st period - Wrist shot by Antoine Roussel.
0:06 of 1st period - Goal by Antoine Roussel - Islanders : 0 - Blackhawks : 1.
0:07 of 1st period - David Legwand wins face-off versus Cody Hodgson in neutral zone.
0:32 of 1st period - T.J. Fast is hit by Gustav Nyquist and loses puck.
1:02 of 1st period - Wrist shot by Vladimir Tarasenko.
1:02 of 1st period - Shot Blocked by Rick Nash.
1:04 of 1st period - Slapshot by T.J. Fast.
1:04 of 1st period - Stopped by Pekka Rinne with a rebound.
1:28 of 1st period - Wrist shot by David Legwand.
1:28 of 1st period - Stopped by Pekka Rinne with a rebound.
1:30 of 1st period - Slapshot by Mike Brown.
1:30 of 1st period - Shot Blocked by Mike Comrie.
3:09 of 1st period - Torey Krug is hit by Ryan Ellis and loses puck.
3:36 of 1st period - Jay Bouwmeester is hit by Antoine Roussel and loses puck.
4:11 of 1st period - Antoine Roussel is hit by Zac Rinaldo and loses puck.
4:38 of 1st period - Tomas Fleischmann is hit by John Carlson and loses puck.
4:59 of 1st period - T.J. Fast is hit by Johnny Gaudreau and loses puck.
5:14 of 1st period - Icing by Ryan Ellis.
5:15 of 1st period - Maxim Talbot wins face-off versus Mike Comrie in Islanders zone.
5:17 of 1st period - Minor Penalty to Craig Cunningham for Hooking.
5:18 of 1st period - Derick Brassard wins face-off versus Joe Thornton in Blackhawks zone.
5:45 of 1st period - Nick Leddy is hit by David Legwand and loses puck.
7:17 of 1st period - Penalty to Craig Cunningham is over, Craig Cunningham is back on ice.
7:19 of 1st period - Slapshot by Nick Leddy.
7:19 of 1st period - Deflect By Antoine Roussel.
7:19 of 1st period - Goal by Antoine Roussel - Islanders : 0 - Blackhawks : 2.
7:20 of 1st period - Derick Brassard wins face-off versus Maxim Talbot in neutral zone.
8:10 of 1st period - Wrist shot by Evander Kane.
8:10 of 1st period - Shot Misses the Net.
8:28 of 1st period - Ryan Ellis is hit by Derick Brassard.
8:52 of 1st period - Backhand shot by Mike Comrie.
8:52 of 1st period - Shot Misses the Net.
9:25 of 1st period - Slapshot by Brad Boyes.
9:25 of 1st period - Deflect By Cody Hodgson.
9:25 of 1st period - Stopped by Jonathan Quick with a rebound.
9:43 of 1st period - Ryan Ellis is hit by Nick Leddy and loses puck.
10:03 of 1st period - Slapshot by Ryan Ellis.
10:03 of 1st period - Stopped by Pekka Rinne with a rebound.
10:05 of 1st period - Snap shot by R.J. Umberger.
10:05 of 1st period - Stopped by Pekka Rinne without a rebound.
10:06 of 1st period - Derick Brassard wins face-off versus Joe Thornton in Blackhawks zone.
10:32 of 1st period - T.J. Fast is hit by Gustav Nyquist and loses puck.
10:37 of 1st period - Backhand shot by Patrick Marleau.
10:37 of 1st period - Stopped by Jonathan Quick without a rebound.
10:38 of 1st period - David Legwand wins face-off versus Tim Connolly in Islanders zone.
11:09 of 1st period - Slapshot by Evander Kane.
11:09 of 1st period - Stopped by Pekka Rinne with a rebound.
12:03 of 1st period - Snap shot by Mike Comrie.
12:03 of 1st period - Stopped by Jonathan Quick with a rebound.
12:05 of 1st period - Slapshot by Ryan Whitney.
12:05 of 1st period - Shot Misses the Net.
12:07 of 1st period - Snap shot by Garnet Hathaway.
12:07 of 1st period - Goal by Garnet Hathaway - Islanders : 0 - Blackhawks : 3.
12:08 of 1st period - Derick Brassard wins face-off versus Joe Thornton in neutral zone.
12:11 of 1st period - Slapshot by John Carlson.
12:11 of 1st period - Stopped by Jonathan Quick without a rebound.
12:12 of 1st period - Joe Thornton wins face-off versus Derick Brassard in Islanders zone.
13:26 of 1st period - Backhand shot by Tomas Fleischmann.
13:26 of 1st period - Shot Misses the Net.
13:28 of 1st period - Snap shot by Tomas Fleischmann.
13:28 of 1st period - Stopped by Pekka Rinne without a rebound.
13:29 of 1st period - Derick Brassard wins face-off versus Evander Kane in Blackhawks zone.
13:36 of 1st period - Snap shot by Antoine Roussel.
13:36 of 1st period - Stopped by Jonathan Quick without a rebound.
13:37 of 1st period - Joe Thornton wins face-off versus Derick Brassard in Islanders zone.
13:47 of 1st period - Slapshot by Vladimir Tarasenko.
13:47 of 1st period - Shot Misses the Net.
14:09 of 1st period - Slapshot by Derick Brassard.
14:09 of 1st period - Stopped by Jonathan Quick with a rebound.
14:11 of 1st period - Snap shot by Derick Brassard.
14:11 of 1st period - Shot Misses the Net.
14:13 of 1st period - Wrist shot by Antoine Roussel.
14:13 of 1st period - Shot Blocked by T.J. Fast.
14:15 of 1st period - Snap shot by Derick Brassard.
14:15 of 1st period - Stopped by Jonathan Quick without a rebound.
14:16 of 1st period - Cody Hodgson wins face-off versus David Legwand in Islanders zone.
14:39 of 1st period - Minor Penalty to Fedor Tyutin for Hooking.
14:40 of 1st period - Vladimir Tarasenko wins face-off versus Derick Brassard in Islanders zone.
14:40 of 1st period - Vladimir Tarasenko is hit by Antoine Roussel.
15:23 of 1st period - Slapshot by Brad Boyes.
15:23 of 1st period - Shot Misses the Net.
15:35 of 1st period - Snap shot by Ryan Ellis.
15:35 of 1st period - Shot Blocked by Antoine Roussel.
15:37 of 1st period - Snap shot by Vladimir Tarasenko.
15:37 of 1st period - Stopped by Pekka Rinne without a rebound.
15:38 of 1st period - Joe Thornton wins face-off versus Cody Hodgson in Blackhawks zone.
15:39 of 1st period - Snap shot by David Legwand.
15:39 of 1st period - Goal by David Legwand - Islanders : 1 - Blackhawks : 3.
15:40 of 1st period - Vladimir Tarasenko wins face-off versus Derick Brassard in neutral zone.
16:39 of 1st period - Penalty to Fedor Tyutin is over, Fedor Tyutin is back on ice.
17:59 of 1st period - Wrist shot by Ryan Ellis.
17:59 of 1st period - Shot Misses the Net.
19:14 of 1st period - Mike Brown is hit by Gustav Nyquist.
19:40 of 1st period - Tomas Plekanec is hit by Nick Leddy.
19:51 of 1st period - David Legwand is hit by Gustav Nyquist and loses puck.
19:58 of 1st period - Gustav Nyquist is hit by Tomas Plekanec and loses puck.
Goals for this period are 1 for Islanders vs 3 for Blackhawks.
Shots for this period are 8 for Islanders vs 10 for Blackhawks.
2nd period
0:01 of 2nd period - Joe Thornton wins face-off versus Derick Brassard in neutral zone.
0:04 of 2nd period - Slapshot by Ryan Ellis.
0:04 of 2nd period - Shot Blocked by Rick Nash.
0:06 of 2nd period - Slapshot by Fedor Tyutin.
0:06 of 2nd period - Shot Misses the Net.
0:12 of 2nd period - Slapshot by Evander Kane.
0:12 of 2nd period - Shot Blocked by Brent Seabrook.
0:14 of 2nd period - Wrist shot by Vladimir Tarasenko.
0:14 of 2nd period - Stopped by Pekka Rinne without a rebound.
0:15 of 2nd period - Joe Thornton wins face-off versus Antoine Roussel in Blackhawks zone.
0:24 of 2nd period - Slapshot by Brent Seabrook.
0:24 of 2nd period - Shot Misses the Net.
0:26 of 2nd period - Slapshot by John Carlson.
0:26 of 2nd period - Shot Blocked by Evander Kane.
0:28 of 2nd period - Wrist shot by Rick Nash.
0:28 of 2nd period - Deflect By Antoine Roussel.
0:28 of 2nd period - Stopped by Jonathan Quick without a rebound.
0:29 of 2nd period - Derick Brassard wins face-off versus Joe Thornton in Islanders zone.
0:54 of 2nd period - Mike Brown is hit by Cody Hodgson and loses puck.
1:17 of 2nd period - Snap shot by Tim Connolly.
1:17 of 2nd period - Shot Misses the Net.
1:19 of 2nd period - Snap shot by Patrick Marleau.
1:19 of 2nd period - Goal by Patrick Marleau - Islanders : 1 - Blackhawks : 4.
1:19 of 2nd period - Julien Ellis enters game.
1:20 of 2nd period - Joe Thornton wins face-off versus Derick Brassard in neutral zone.
1:33 of 2nd period - Wrist shot by Vladimir Tarasenko.
1:33 of 2nd period - Deflect By Derick Brassard.
1:33 of 2nd period - Shot Misses the Net.
1:33 of 2nd period - Puck is out of play.
1:34 of 2nd period - Joe Thornton wins face-off versus Derick Brassard in Blackhawks zone.
1:48 of 2nd period - Minor Penalty to Derick Brassard for Hooking.
1:49 of 2nd period - Joe Thornton wins face-off versus Antoine Roussel in Blackhawks zone.
1:49 of 2nd period - Snap shot by Evander Kane.
1:49 of 2nd period - Stopped by Pekka Rinne without a rebound.
1:50 of 2nd period - Joe Thornton wins face-off versus Antoine Roussel in Blackhawks zone.
2:07 of 2nd period - Snap shot by Evander Kane.
2:07 of 2nd period - Shot Misses the Net.
3:48 of 2nd period - Penalty to Derick Brassard is over, Derick Brassard is back on ice.
3:50 of 2nd period - Wrist shot by Derick Brassard.
3:50 of 2nd period - Stopped by Julien Ellis without a rebound.
3:51 of 2nd period - Maxim Talbot wins face-off versus Tim Connolly in Islanders zone.
5:15 of 2nd period - Wrist shot by Tomas Fleischmann.
5:15 of 2nd period - Shot Blocked by John Carlson.
5:33 of 2nd period - Joe Thornton is hit by John Carlson and loses puck.
5:39 of 2nd period - Minor Penalty to Mike Comrie for Hooking.
5:40 of 2nd period - David Legwand wins face-off versus Antoine Roussel in Blackhawks zone.
5:42 of 2nd period - Wrist shot by David Legwand.
5:42 of 2nd period - Stopped by Pekka Rinne with a rebound.
5:44 of 2nd period - Snap shot by David Legwand.
5:44 of 2nd period - Shot Hit the Post.
5:46 of 2nd period - Slapshot by Fedor Tyutin.
5:46 of 2nd period - Shot Misses the Net.
5:52 of 2nd period - Slapshot by David Legwand.
5:52 of 2nd period - Shot Blocked by Antoine Roussel.
5:54 of 2nd period - Snap shot by Mike Brown.
5:54 of 2nd period - Shot Misses the Net.
5:56 of 2nd period - Snap shot by David Legwand.
5:56 of 2nd period - Stopped by Pekka Rinne with a rebound.
6:09 of 2nd period - Icing by Evander Kane.
6:10 of 2nd period - Johnny Gaudreau wins face-off versus Joe Thornton in Islanders zone.
6:33 of 2nd period - Snap shot by Ryan Ellis.
6:33 of 2nd period - Deflect By Vladimir Tarasenko.
6:33 of 2nd period - Shot Misses the Net.
6:33 of 2nd period - Puck is out of play.
6:34 of 2nd period - Antoine Roussel wins face-off versus David Legwand in Blackhawks zone.
6:34 of 2nd period - Antoine Roussel is hit by Mike Brown.
7:39 of 2nd period - Penalty to Mike Comrie is over, Mike Comrie is back on ice.
7:51 of 2nd period - Snap shot by Tim Connolly.
7:51 of 2nd period - Shot Misses the Net.
7:57 of 2nd period - Snap shot by Jiri Hudler.
7:57 of 2nd period - Stopped by Pekka Rinne with a rebound.
8:29 of 2nd period - Snap shot by Tomas Fleischmann.
8:29 of 2nd period - Shot Misses the Net.
8:59 of 2nd period - Joe Thornton is hit by Ryan Whitney and loses puck.
9:10 of 2nd period - Wrist shot by Mike Comrie.
9:10 of 2nd period - Stopped by Julien Ellis with a rebound.
9:12 of 2nd period - Snap shot by Mike Comrie.
9:12 of 2nd period - Shot Blocked by Tomas Fleischmann.
9:18 of 2nd period - Snap shot by Mike Comrie.
9:18 of 2nd period - Stopped by Julien Ellis with a rebound.
9:52 of 2nd period - Nick Leddy is hit by Maxim Talbot and loses puck.
10:05 of 2nd period - Wrist shot by Joe Thornton.
10:05 of 2nd period - Stopped by Pekka Rinne without a rebound.
10:06 of 2nd period - Joe Thornton wins face-off versus Tim Connolly in Blackhawks zone.
10:07 of 2nd period - Snap shot by Evander Kane.
10:07 of 2nd period - Shot Blocked by Gustav Nyquist.
10:09 of 2nd period - Snap shot by Evander Kane.
10:09 of 2nd period - Shot Blocked by Patrick Marleau.
10:11 of 2nd period - Snap shot by Joe Thornton.
10:11 of 2nd period - Shot Blocked by Matthew Spiller.
10:13 of 2nd period - Wrist shot by Evander Kane.
10:13 of 2nd period - Stopped by Pekka Rinne without a rebound.
10:14 of 2nd period - Derick Brassard wins face-off versus Joe Thornton in Blackhawks zone.
10:14 of 2nd period - Derick Brassard is hit by Ryan Ellis.
10:17 of 2nd period - Minor Penalty to Derick Brassard for Hooking.
10:18 of 2nd period - Evander Kane wins face-off versus Antoine Roussel in Blackhawks zone.
11:13 of 2nd period - Icing by T.J. Fast.
11:14 of 2nd period - Mike Comrie wins face-off versus David Legwand in Islanders zone.
11:36 of 2nd period - Off-side.
11:37 of 2nd period - Antoine Roussel wins face-off versus Joe Thornton in neutral zone.
11:45 of 2nd period - Off-side.
11:46 of 2nd period - Antoine Roussel wins face-off versus Joe Thornton in neutral zone.
12:17 of 2nd period - Penalty to Derick Brassard is over, Derick Brassard is back on ice.
12:25 of 2nd period - Slapshot by Ryan Ellis.
12:25 of 2nd period - Stopped by Pekka Rinne with a rebound.
12:29 of 2nd period - Snap shot by Joe Thornton.
12:29 of 2nd period - Shot Misses the Net.
12:31 of 2nd period - Slapshot by Joe Thornton.
12:31 of 2nd period - Shot Misses the Net.
12:39 of 2nd period - Snap shot by Evander Kane.
12:39 of 2nd period - Stopped by Pekka Rinne with a rebound.
12:41 of 2nd period - Snap shot by Ryan Ellis.
12:41 of 2nd period - Shot Misses the Net.
12:43 of 2nd period - Snap shot by Joe Thornton.
12:43 of 2nd period - Shot Misses the Net.
12:45 of 2nd period - Wrist shot by Vladimir Tarasenko.
12:45 of 2nd period - Shot Blocked by John Carlson.
12:47 of 2nd period - Snap shot by Joe Thornton.
12:47 of 2nd period - Stopped by Pekka Rinne with a rebound.
12:49 of 2nd period - Slapshot by Ryan Ellis.
12:49 of 2nd period - Stopped by Pekka Rinne with a rebound.
12:57 of 2nd period - Snap shot by Vladimir Tarasenko.
12:57 of 2nd period - Goal by Vladimir Tarasenko - Islanders : 2 - Blackhawks : 4.
12:58 of 2nd period - David Legwand wins face-off versus Tim Connolly in neutral zone.
13:03 of 2nd period - Slapshot by Tomas Fleischmann.
13:03 of 2nd period - Shot Misses the Net.
14:40 of 2nd period - Icing by Fedor Tyutin.
14:41 of 2nd period - Johnny Gaudreau wins face-off versus Mike Brown in Islanders zone.
14:50 of 2nd period - Snap shot by Johnny Gaudreau.
14:50 of 2nd period - Shot Blocked by Fedor Tyutin.
14:52 of 2nd period - Slapshot by Nick Leddy.
14:52 of 2nd period - Stopped by Julien Ellis with a rebound.
14:54 of 2nd period - Backhand shot by Nick Leddy.
14:54 of 2nd period - Stopped by Julien Ellis with a rebound.
14:56 of 2nd period - Slapshot by Cody Hodgson.
14:56 of 2nd period - Shot Blocked by David Legwand.
15:31 of 2nd period - Wrist shot by Gustav Nyquist.
15:31 of 2nd period - Stopped by Julien Ellis without a rebound.
15:32 of 2nd period - Tim Connolly wins face-off versus Joe Thornton in Islanders zone.
15:39 of 2nd period - Slapshot by John Carlson.
15:39 of 2nd period - Stopped by Julien Ellis with a rebound.
15:43 of 2nd period - Snap shot by Gustav Nyquist.
15:43 of 2nd period - Goal by Gustav Nyquist - Islanders : 2 - Blackhawks : 5.
15:44 of 2nd period - Joe Thornton wins face-off versus Derick Brassard in neutral zone.
15:49 of 2nd period - Snap shot by Evander Kane.
15:49 of 2nd period - Stopped by Pekka Rinne without a rebound.
15:50 of 2nd period - Derick Brassard wins face-off versus Joe Thornton in Blackhawks zone.
16:12 of 2nd period - Off-side.
16:13 of 2nd period - David Legwand wins face-off versus Cody Hodgson in neutral zone.
16:25 of 2nd period - Off-side.
16:26 of 2nd period - Vladimir Tarasenko wins face-off versus Derick Brassard in neutral zone.
17:20 of 2nd period - Slapshot by Cody Hodgson.
17:20 of 2nd period - Shot Misses the Net.
17:22 of 2nd period - Snap shot by Cody Hodgson.
17:22 of 2nd period - Deflect By Johnny Gaudreau.
17:22 of 2nd period - Stopped by Julien Ellis without a rebound.
17:23 of 2nd period - Derick Brassard wins face-off versus David Legwand in Islanders zone.
17:30 of 2nd period - Wrist shot by Rick Nash.
17:30 of 2nd period - Stopped by Julien Ellis without a rebound.
17:31 of 2nd period - Derick Brassard wins face-off versus David Legwand in Islanders zone.
17:53 of 2nd period - Slapshot by Torey Krug.
17:53 of 2nd period - Shot Blocked by Fedor Tyutin.
17:55 of 2nd period - Slapshot by Torey Krug.
17:55 of 2nd period - Deflect By Derick Brassard.
17:55 of 2nd period - Stopped by Julien Ellis with a rebound.
18:24 of 2nd period - Off-side.
18:25 of 2nd period - Joe Thornton wins face-off versus Cody Hodgson in neutral zone.
18:33 of 2nd period - Jay Bouwmeester is hit by Brad Boyes.
18:41 of 2nd period - Backhand shot by T.J. Fast.
18:41 of 2nd period - Deflect By Vladimir Tarasenko.
18:41 of 2nd period - Shot Misses the Net.
18:41 of 2nd period - Puck is out of play.
18:42 of 2nd period - Maxim Talbot wins face-off versus Tim Connolly in Blackhawks zone.
19:07 of 2nd period - Joe Thornton is hit by Cody Hodgson and loses puck.
19:28 of 2nd period - Fedor Tyutin is hit by Rick Nash and loses puck.
Goals for this period are 1 for Islanders vs 2 for Blackhawks.
Shots for this period are 13 for Islanders vs 13 for Blackhawks.
3rd period
0:01 of 3rd period - Joe Thornton wins face-off versus Derick Brassard in neutral zone.
1:33 of 3rd period - Rick Nash is hit by David Legwand.
1:37 of 3rd period - Rick Nash is hit by Mike Brown and loses puck.
1:48 of 3rd period - Antoine Roussel is hit by Vladimir Tarasenko and loses puck.
2:50 of 3rd period - Wrist shot by Vladimir Tarasenko.
2:50 of 3rd period - Shot Blocked by Brent Seabrook.
3:02 of 3rd period - Maxim Talbot is hit by Derick Brassard and loses puck.
4:02 of 3rd period - Snap shot by Gustav Nyquist.
4:02 of 3rd period - Shot Misses the Net.
4:51 of 3rd period - Snap shot by Evander Kane.
4:51 of 3rd period - Stopped by Pekka Rinne without a rebound.
4:52 of 3rd period - Joe Thornton wins face-off versus Craig Cunningham in Blackhawks zone.
5:18 of 3rd period - Mike Brown is hit by Matthew Spiller and loses puck.
5:37 of 3rd period - Torey Krug is hit by Jiri Hudler and loses puck.
6:06 of 3rd period - Tim Connolly is hit by Jay Bouwmeester.
6:21 of 3rd period - Off-side.
6:22 of 3rd period - Derick Brassard wins face-off versus Joe Thornton in neutral zone.
7:09 of 3rd period - Slapshot by Maxim Talbot.
7:09 of 3rd period - Stopped by Pekka Rinne without a rebound.
7:10 of 3rd period - Derick Brassard wins face-off versus R.J. Umberger in Blackhawks zone.
7:27 of 3rd period - Snap shot by Jiri Hudler.
7:27 of 3rd period - Goal by Jiri Hudler - Islanders : 3 - Blackhawks : 5.
7:28 of 3rd period - Joe Thornton wins face-off versus Derick Brassard in neutral zone.
7:32 of 3rd period - Fedor Tyutin is hit by Antoine Roussel.
7:43 of 3rd period - Minor Penalty to Derick Brassard for Tripping.
7:44 of 3rd period - Joe Thornton wins face-off versus Antoine Roussel in Blackhawks zone.
7:44 of 3rd period - Snap shot by Evander Kane.
7:44 of 3rd period - Shot Misses the Net.
7:53 of 3rd period - Off-side.
7:54 of 3rd period - Joe Thornton wins face-off versus Patrick Marleau in neutral zone.
8:01 of 3rd period - Snap shot by Antoine Roussel.
8:01 of 3rd period - Shot Misses the Net.
8:03 of 3rd period - Slapshot by Brent Seabrook.
8:03 of 3rd period - Stopped by Julien Ellis with a rebound.
8:05 of 3rd period - Snap shot by Patrick Marleau.
8:05 of 3rd period - Stopped by Julien Ellis with a rebound.
8:07 of 3rd period - Slapshot by John Carlson.
8:07 of 3rd period - Shot Blocked by Fedor Tyutin.
8:31 of 3rd period - Slapshot by Fedor Tyutin.
8:31 of 3rd period - Shot Misses the Net.
8:33 of 3rd period - Slapshot by Mike Brown.
8:33 of 3rd period - Shot Blocked by Torey Krug.
8:35 of 3rd period - Snap shot by Mike Brown.
8:35 of 3rd period - Shot Misses the Net.
9:43 of 3rd period - Penalty to Derick Brassard is over, Derick Brassard is back on ice.
10:57 of 3rd period - Tomas Fleischmann is hit by Antoine Roussel and loses puck.
11:06 of 3rd period - David Legwand is hit by Antoine Roussel and loses puck.
11:33 of 3rd period - Off-side.
11:34 of 3rd period - Mike Comrie wins face-off versus Tomas Plekanec in neutral zone.
11:37 of 3rd period - Slapshot by Matthew Spiller.
11:37 of 3rd period - Stopped by Julien Ellis with a rebound.
11:43 of 3rd period - Dustin Byfuglien is hit by Matthew Spiller and loses puck.
12:04 of 3rd period - Jay Bouwmeester is hit by Matthew Spiller and loses puck.
12:09 of 3rd period - Snap shot by Gustav Nyquist.
12:09 of 3rd period - Stopped by Julien Ellis with a rebound.
12:24 of 3rd period - Snap shot by Derick Brassard.
12:24 of 3rd period - Shot Blocked by David Legwand.
12:28 of 3rd period - Backhand shot by Antoine Roussel.
12:28 of 3rd period - Shot Misses the Net.
12:41 of 3rd period - Minor Penalty to Johnny Gaudreau for Hooking.
12:42 of 3rd period - Joe Thornton wins face-off versus Antoine Roussel in Blackhawks zone.
14:25 of 3rd period - Icing by David Legwand.
14:26 of 3rd period - Antoine Roussel wins face-off versus Mike Brown in Islanders zone.
14:27 of 3rd period - Slapshot by Torey Krug.
14:27 of 3rd period - Stopped by Julien Ellis without a rebound.
14:28 of 3rd period - Craig Cunningham wins face-off versus Tomas Fleischmann in Islanders zone.
14:41 of 3rd period - Penalty to Johnny Gaudreau is over, Johnny Gaudreau is back on ice.
14:49 of 3rd period - Snap shot by David Legwand.
14:49 of 3rd period - Shot Misses the Net.
15:23 of 3rd period - Slapshot by Johnny Gaudreau.
15:23 of 3rd period - Shot Misses the Net.
15:25 of 3rd period - Wrist shot by Antoine Roussel.
15:25 of 3rd period - Stopped by Julien Ellis without a rebound.
15:26 of 3rd period - Tim Connolly wins face-off versus Joe Thornton in Islanders zone.
15:31 of 3rd period - Snap shot by John Carlson.
15:31 of 3rd period - Stopped by Julien Ellis with a rebound.
15:36 of 3rd period - Ryan Ellis is hit by Patrick Marleau.
15:52 of 3rd period - Brad Boyes is hit by Maxim Talbot and loses puck.
15:59 of 3rd period - Wrist shot by Maxim Talbot.
15:59 of 3rd period - Shot Misses the Net.
16:07 of 3rd period - Minor Penalty to Maxim Talbot for Hooking.
16:08 of 3rd period - Vladimir Tarasenko wins face-off versus Derick Brassard in Islanders zone.
18:07 of 3rd period - Penalty to Maxim Talbot is over, Maxim Talbot is back on ice.
18:38 of 3rd period - Snap shot by Tim Connolly.
18:38 of 3rd period - Stopped by Julien Ellis with a rebound.
18:40 of 3rd period - Wrist shot by Matthew Spiller.
18:40 of 3rd period - Deflect By Justin Falk.
18:40 of 3rd period - Stopped by Julien Ellis without a rebound.
18:41 of 3rd period - David Legwand wins face-off versus Tim Connolly in Islanders zone.
18:54 of 3rd period - Backhand shot by Gustav Nyquist.
18:54 of 3rd period - Goal by Gustav Nyquist - Islanders : 3 - Blackhawks : 6.
18:55 of 3rd period - Antoine Roussel wins face-off versus Vladimir Tarasenko in neutral zone.
19:10 of 3rd period - Snap shot by Evander Kane.
19:10 of 3rd period - Deflect By Vladimir Tarasenko.
19:10 of 3rd period - Shot Misses the Net.
19:10 of 3rd period - Puck is out of play.
19:11 of 3rd period - Cody Hodgson wins face-off versus David Legwand in Blackhawks zone.
19:24 of 3rd period - Slapshot by Cody Hodgson.
19:24 of 3rd period - Stopped by Julien Ellis with a rebound.
19:26 of 3rd period - Wrist shot by Johnny Gaudreau.
19:26 of 3rd period - Shot Misses the Net.
19:28 of 3rd period - Snap shot by Brad Boyes.
19:28 of 3rd period - Shot Blocked by Mike Brown.
19:46 of 3rd period - Snap shot by Vladimir Tarasenko.
19:46 of 3rd period - Stopped by Pekka Rinne without a rebound.
19:47 of 3rd period - Derick Brassard wins face-off versus Joe Thornton in Blackhawks zone.
19:56 of 3rd period - Slapshot by Derick Brassard.
19:56 of 3rd period - Shot Blocked by Joe Thornton.
19:58 of 3rd period - Snap shot by Derick Brassard.
19:58 of 3rd period - Stopped by Julien Ellis without a rebound.
19:59 of 3rd period - Joe Thornton wins face-off versus Derick Brassard in Islanders zone.
Goals for this period are 1 for Islanders vs 1 for Blackhawks.
Shots for this period are 4 for Islanders vs 12 for Blackhawks.